 Dungeon Crawl Stone Soup version 0.23-a0-577-g2b1de94 (console) character file.

2 Duffy the Sneak (level 1, -2/15 HPs)
             Began as a Naga Fire Elementalist on Dec 14, 2018.
             Slain by a goblin (4 damage)
             ... on level 1 of the Dungeon.
             The game lasted 00:00:17 (214 turns).

Duffy the Sneak (Naga Fire Elementalist)             Turns: 214, Time: 00:00:17

Health: -2/15      AC:  1    Str: 10    XL:     1   Next: 40%
Magic:  3/3        EV: 10    Int: 15    God:
Gold:   12         SH:  0    Dex: 11    Spells: 3/4 levels left

rFire    . . .     SeeInvis +   b - +1 dagger (venom)
rCold    . . .     Gourm    .   (no shield)
rNeg     . . .     Faith    .   a - +0 robe
rPois    +         Spirit   .   (no helmet)
rElec    .         Reflect  .   (no cloak)
rCorr    .         Harm     .   (no gloves)
MR       .....                  (no barding)
Stlth    ++........             (no amulet)
HPRegen  0.05/turn              (no ring)
MPRegen  0.08/turn              (no ring)

@: very slow
A: large, see invisible, deformed body, poison resistance, slowness 2, slow
metabolism 1, spit poison 1, AC +0
a: Spit Poison


You were on level 1 of the Dungeon.
You were not hungry.

You visited 1 branch of the dungeon, and saw 1 of its levels.

You collected 12 gold pieces.

Inventory:

Hand Weapons
 b - a +1 dagger of venom (weapon)
Armour
 a - a +0 robe (worn)
Comestibles
 c - a ration
 d - 2 chunks of flesh


   Skills:
 - Level 1.5 Dodging
 - Level 3.0 Stealth
 - Level 2.0 Spellcasting
 + Level 1.4 Conjurations
 - Level 3.0 Fire Magic


You had 3 spell levels left.
You knew the following spells:

 Your Spells              Type           Power        Failure   Level  Hunger
h - Flame Tongue          Conj/Fire      #....        9%          1    #......

Your spell library contained the following spells:

 Spells                   Type           Power        Failure   Level  Hunger
 Throw Flame              Conj/Fire      #.....       14%         2    ###....
 Conjure Flame            Conj/Fire      #.......     26%         3    ###....
 Inner Flame              Hex/Fire       #.......     34%         3    ###....
 Sticky Flame             Conj/Fire      #.......     65%         4    #####..
 Fireball                 Conj/Fire      #.........   94%         5    ######.


Dungeon Overview and Level Annotations

Branches:
Dungeon (1/15)

Altars:


Innate Abilities, Weirdness & Mutations

You cannot wear boots.
Your serpentine skin is tough. (AC +0)
You have supernaturally acute eyesight. (SInv)
Armour fits poorly on your strangely shaped body.
Your system is resistant to poisons. (rPois)
You cover ground very slowly.
You have a slow metabolism.
You can spit poison.


Message History

You are too injured to fight recklessly!
You barely miss the goblin. The goblin barely misses you.
You closely miss the goblin. The goblin hits you.
You closely miss the goblin. The goblin closely misses you.
You hit the goblin.
The goblin is moderately wounded.
The goblin hits you but does no damage.
You barely miss the goblin.
The goblin is moderately wounded.
The goblin hits you but does no damage.
You closely miss the goblin.
The goblin is moderately wounded.
The goblin closely misses you.
You completely miss the goblin.
The goblin is moderately wounded.
The goblin hits you.
You closely miss the goblin.
The goblin is moderately wounded.
The goblin hits you.
You die...

#. .. ####. #
..# #.... ## .
...##.#.. #)#.#
#..#.#..
#.##.###
......?#(#.....
#...##.##..#
#...#.#...#
#@##...# (.#
#..g#...#.# ..#
#...#.....# ..#
#$?"#.###.# ..#
#.#####.# #.#
..#
#.......###.#
..#
#######.%...#
..# #####.# #.#
#.#


You could see a goblin.

Vanquished Creatures
  A goblin (D:1)
  A hobgoblin (D:1)
2 creatures vanquished.

Notes
Turn   | Place    | Note
-------+----------+-------------------------------------------
     0 | D:1      | Duffy the Naga Fire Elementalist began the quest for the
                  | Orb.
     0 | D:1      | Reached XP level 1. HP: 15/15 MP: 3/3
   214 | D:1      | Slain by a goblin

Vault maps used:
D:1:      dpeg_arrival_concentric_ovals, grunt_decor_mini_mirrors, minmay_vboxes

Action                   || total
-------------------------++-------
Melee: Dagger            ||    16
Armor: Robe              ||     2
Dodge: Dodged            ||     7

Table legend:
 A = Non-vault XP
 B = Vault XP
 C = Vault XP percentage of total XP
 D = Non-vault monster count
 E = Vault monster count
 F = Vault count percentage of total count
                 A         B        C        D         E       F
            +---------+---------+-------+---------+---------+-------
      Total |       2 |       2 |  50.0 |       1 |       1 |  50.0
            +---------+---------+-------+---------+---------+-------
        D:1 |       2 |       2 |  50.0 |       1 |       1 |  50.0
            +---------+---------+-------+---------+---------+-------
